 Dungeon Crawl Stone Soup version 0.28-a0-577-gb193047a1f (webtiles) character file.

Game seed: 1329152882605480116

6654 speeev33 the Fighter (level 11, 0/73 HPs)
             Began as a Gargoyle Fighter on Oct 1, 2021.
             Slain by Snorg (6 damage)
             ... on level 10 of the Dungeon.
             The game lasted 00:17:15 (9857 turns).

speeev33 the Fighter (Gargoyle Fighter)             Turns: 9857, Time: 00:17:15

Health: 0/73       AC: 31    Str: 24    XL:     11   Next: 3%
Magic:  11/11      EV:  7    Int: 14    God:
Gold:   407        SH:  5    Dex:  9    Spells: 10/10 levels left

rFire   . . .      SeeInvis .   i - +1 whip (elec)
rCold   . . .      Faith    .   c - +1 buckler
rNeg    + . .      Spirit   .   v - +0 plate armour {rPois}
rPois   ∞          Reflect  .   (no helmet)
rElec   +          Harm     .   C - +0 cloak
rCorr   .          Rampage  .   a - +0 pair of gloves
Will    .....                   k - +0 pair of boots
Stlth   ..........              (no amulet)
HPRegen 0.22/turn               e - +4 ring of protection
MPRegen 0.12/turn               l - +6 ring of intelligence

@: no status effects
A: sickness immunity, AC +8, negative energy resistance 1, electricity
resistance, torment resistance 1, petrification resistance
a: no special abilities


You were on level 10 of the Dungeon.
You visited 2 branches of the dungeon, and saw 11 of its levels.

You collected 407 gold pieces.

Inventory:

Hand Weapons
 i - a +1 whip of electrocution (weapon)
Armour
 a - a +0 pair of gloves (worn)
 c - a +1 buckler (worn)
 k - a +0 pair of boots (worn)
 v - a +0 plate armour of poison resistance (worn)
 C - a +0 cloak (worn)
Jewellery
 e - a +4 ring of protection (left hand)
 l - a +6 ring of intelligence (right hand)
Wands
 f - a wand of digging (3)
 m - a wand of polymorph (6)
 o - a wand of iceblast (5)
 A - a wand of paralysis (13)
Scrolls
 j - a scroll of summoning
 p - 2 scrolls of enchant armour
 w - a scroll of teleportation
 y - a scroll of amnesia
 B - a scroll of enchant weapon
Potions
 b - a potion of haste {unknown}
 g - a potion of degeneration
 h - 2 potions of attraction {unknown}
 n - 3 potions of cancellation {unknown}
 q - a potion of lignification {unknown}
 r - 4 potions of curing {unknown}
 s - 2 potions of berserk rage {unknown}
 t - 2 potions of flight {unknown}
 u - a potion of magic {unknown}


   Skills:
 + Level 10.9 Fighting
 + Level 9.7 Maces & Flails
 + Level 10.8 Armour
 - Level 4.0 Shields


You had 10 spell levels left.
You didn't know any spells.
Your spell library contained the following spells:

 Spells                   Type           Power      Damage    Failure   Level
 Apportation              Tloc           0%         N/A       97%         1
 Freeze                   Ice            0%         1d3       97%         1
 Magic Dart               Conj           0%         1d3       97%         1
 Searing Ray              Conj           0%         2d4       99%         2
 Ignite Poison            Fire/Tmut/Pois 0%         N/A       100%        3
 Mephitic Cloud           Conj/Pois/Air  0%         N/A       100%        3
 Summon Guardian Golem    Hex/Summ       0%         N/A       100%        3
 Fulminant Prism          Conj/Hex       0%         3d6       100%        4
 Alistair's Intoxication  Tmut/Pois      0%         N/A       100%        5
 Freezing Cloud           Conj/Ice/Air   0%         6-21      100%        5
 Invisibility             Hex            0%         N/A       100%        6
 Orb of Destruction       Conj           0%         N/A       100%        7
 Spellforged Servitor     Conj/Summ      0%         N/A       100%        7


Dungeon Overview and Level Annotations

Branches:
Dungeon (10/15)            Temple (1/1) D:5
   Lair: D:8-11         Orc: D:9-12

Altars:
Ashenzari
Cheibriados
Dithmenos
Elyvilon
Fedhas
Gozag
Hepliaklqana
Kikubaaqudgha
Makhleb
Nemelex Xobeh
Qazlal
Ru
Sif Muna
Uskayaw
Wu Jian
Xom
Yredelemnul
Zin
The Shining One

Annotations:
D:9 2 transporters
D:10 Snorg


Innate Abilities, Weirdness & Mutations

You are immune to sickness and miasma.
Your stone body is resilient. (AC +8)
You are immune to poison.
You resist negative energy. (rN+)
You are resistant to electric shocks. (rElec)
You are resistant to unholy torment.
You are immune to petrification.


Message History

You hit Snorg.
Snorg is moderately wounded.
Snorg bites you! Snorg barely misses you. x2
You closely miss Snorg.
Snorg is moderately wounded.
Snorg bites you. Snorg claws you but does no damage. Snorg claws you.
You hit Snorg.
Snorg is moderately wounded.
You block Snorg's attack. Snorg barely misses you.
Snorg claws you but does no damage.
An elephant comes into view.
The elephant trumpets!
You whack Snorg!
Snorg is heavily wounded.
Snorg bites you but does no damage. Snorg claws you but does no damage.
Snorg barely misses you.
You hit Snorg.
Snorg is heavily wounded.
Snorg bites you but does no damage. Snorg claws you but does no damage. x2
You hit Snorg.
Snorg is heavily wounded.
Snorg bites you!
* * * LOW HITPOINT WARNING * * *
You block Snorg's attack. Snorg claws you but does no damage.
You whack Snorg!
Snorg is heavily wounded.
Snorg bites you but does no damage. Snorg claws you but does no damage.
Snorg barely misses you.
You feel much better. Snorg barely misses you.
Snorg claws you but does no damage. Snorg claws you.
A black bear comes into view.
You hit Snorg but do no damage.
Snorg is heavily wounded.
You block Snorg's attack. Snorg claws you. Snorg claws you but does no damage.
You closely miss Snorg.
Snorg is heavily wounded.
Snorg bites you!!
* * * LOW HITPOINT WARNING * * *
Snorg claws you.
You die...

### #.# #.#
#.# #.# #.#
#.#
#######.##
#>.<....@##
#########T#
##l# #Y#
... ..#
..h# ##..
..


You could see Snorg (berserk), an elephant, a black bear and a wyvern.

Vanquished Creatures
  A two-headed ogre (D:9)
  An ugly thing (D:9)
  An unseen horror (D:6)
  A kobold demonologist (D:9)
  Prince Ribbit (D:6)
  5 yaks (D:8)
  2 vampire mosquitoes (D:9)
  Edmund (D:6)
  Menkaure (D:7)
  An acid dragon (D:5)
  Duvessa (D:7)
  3 water moccasins
  3 orc warriors
  A hornet zombie (D:8)
  A sky beast (D:7)
  3 necrophages
  3 centaurs
  A phantom (D:7)
  4 kobold brigands
  4 bullfrogs
  Dowan (D:7)
  4 scorpions
  A water moccasin zombie (D:7)
  3 killer bees (D:7)
  A wight (D:6)
  A howler monkey (D:5)
  A bullfrog zombie (D:6)
  A centaur zombie (D:8)
  6 hounds
  3 jellies
  A bullfrog skeleton (D:5)
  3 orc priests
  A centaur skeleton (D:7)
  2 gnoll shamans
  3 iguanas
  9 orc wizards
  A howler monkey zombie (D:7)
  11 gnolls
  5 adders
  A shadow imp (D:6)
  3 white imps
  An adder skeleton (D:4)
  A worm (D:2)
  2 dart slugs
  24 orcs
  7 bats
  8 endoplasms
  2 giant cockroaches
  6 goblins
  6 hobgoblins
  6 jackals
  23 kobolds
  6 quokkas
  11 ball pythons
  14 frilled lizards
  A quokka skeleton (D:2)
  8 rats
227 creatures vanquished.

Vanquished Creatures (others)
  3 fungi (D:2)
  10 plants
  6 withered plants (D:9)
19 creatures vanquished.

Grand Total: 246 creatures vanquished

Notes
Turn   | Place    | Note
-------+----------+-------------------------------------------
     0 | D:1      | speeev33 the Gargoyle Fighter began the quest for the Orb.
     0 | D:1      | Reached XP level 1. HP: 14/14 MP: 1/1
    57 | D:1      | Reached XP level 2. HP: 18/19 MP: 2/2
   315 | D:1      | Reached XP level 3. HP: 14/23 MP: 3/3
  1355 | D:2      | Reached XP level 4. HP: 28/29 MP: 4/4
  1371 | D:2      | Found a faded altar of an unknown god.
  1431 | D:2      | Got Plato's Disquisition on Snow
  1708 | D:2      | Found a burning altar of Makhleb.
  1802 | D:3      | Reached XP level 5. HP: 29/33 MP: 5/5
  2293 | D:3      | Reached XP level 6. HP: 22/39 MP: 6/6
  2586 | D:3      | Found a glowing silver altar of Zin.
  2797 | D:4      | Found a stormy altar of Qazlal.
  2943 | D:4      | Reached skill level 5 in Fighting
  3034 | D:4      | Reached skill level 5 in Armour
  3246 | D:4      | Reached XP level 7. HP: 44/44 MP: 7/7
  3350 | D:4      | Found a shimmering blue altar of Sif Muna.
  3441 | D:5      | Entered Level 5 of the Dungeon
  3828 | D:5      | Found a staircase to the Ecumenical Temple.
  3842 | Temple   | Entered the Ecumenical Temple
  4269 | D:5      | Reached skill level 5 in Maces & Flails
  4763 | D:6      | Reached XP level 8. HP: 39/52 MP: 8/8
  4934 | D:6      | Noticed Prince Ribbit
  4967 | D:6      | Killed Prince Ribbit
  5045 | D:6      | Noticed Edmund
  5077 | D:6      | Killed Edmund
  5465 | D:6      | Reached XP level 9. HP: 49/58 MP: 9/9
  5638 | D:6      | Killed an unseen horror
  6762 | D:7      | Noticed Duvessa
  6786 | D:7      | Noticed Dowan
  6790 | D:7      | Killed Duvessa
  6801 | D:7      | Killed Dowan
  6864 | D:7      | Noticed Menkaure
  6892 | D:7      | Killed Menkaure
  7162 | D:7      | Reached XP level 10. HP: 66/66 MP: 10/10
  7374 | D:7      | Found a white marble altar of Elyvilon.
  8516 | D:8      | Reached skill level 10 in Fighting
  8521 | D:8      | Reached skill level 10 in Armour
  8752 | D:9      | Noticed a two-headed ogre
  8761 | D:9      | Killed a two-headed ogre
  8836 | D:9      | Found a transporter.
  8837 | D:9      | Noticed an orc sorcerer
  8837 | D:9      | Noticed a kobold demonologist
  8839 | D:9      | Noticed a kobold demonologist
  8841 | D:9      | Noticed a deep elf knight
  8844 | D:9      | Found a transporter.
  8854 | D:9      | Noticed a kobold demonologist
  8873 | D:9      | Noticed a red ugly thing
  8906 | D:9      | Killed a red ugly thing
  9116 | D:9      | Found an ancient bone altar of Kikubaaqudgha.
  9201 | D:9      | Found a sacrificial altar of Ru.
  9404 | D:9      | Noticed a kobold demonologist
  9424 | D:9      | Killed a kobold demonologist
  9452 | D:9      | Found a shimmering altar of Xom.
  9674 | D:9      | Reached XP level 11. HP: 70/73 MP: 11/11
  9811 | D:10     | Entered Level 10 of the Dungeon
  9834 | D:10     | Noticed Snorg
  9857 | D:10     | Slain by Snorg

Illustrated notes

Levels and vault maps discovered:
D:1:      elethiomel_arrival_shortcut, layout_basic, minivault_27
D:2:      layout_rooms, basic_altar, shapermc_ecumenical_altar_rom_forum,
          minmay_box_of_dots
D:3:      layout_loops_ring, mainiacjoe_overflow_brackets, minmay_lizard_king
D:4:      layout_loops_cross, nicolae_sif_muna_condensation,
          overflow_temple_1_default
D:5:      layout_loops_ring, minmay_temple_entry_large_hall
D:6:      minmay_clustersquares, layout_basic, uniq_prince_ribbit1, uniq_edmund
D:7:      layout_basic, mainiacjoe_overflow_cross_hatched, uniq_duvessa,
          uniq_menkaure
D:8:      layout_basic
D:9:      gammafunk_wand_slinger, layout_loops_ring,
          lemuel_coloured_pillars_altar, kiku_gazebo_garden_becter,
          mainiacjoe_overflow_concentric_impassable, serial_glass,
          glass_columns_a, glass_columns_b
D:10:     due_megacathedral, layout_basic, mainiacjoe_overflow_boulevard,
          grunt_temple_overflow_bloody_war, david_lair_generic, enter_bailey_5,
          uniq_snorg
Temple:   hc_temple_tempest_star

Skill      XL: |  1  2  3  4  5  6  7  8  9 10 |
---------------+-------------------------------+-----
Fighting       | 4 5 6 7 9 10 | 10.9
Armour         | 4 5 6 7 9 10 | 10.8
Shields        | 4 |  4.0
Maces & Flails | 3 4 5 6 8 9 |  9.7

Action                   |  1- 3 |  4- 6 |  7- 9 | 10-12 || total
-------------------------+-------+-------+-------+-------++-------
Melee: Flail             |   132 |    44 |       |       ||   176
       Whip              |       |   156 |   335 |   267 ||   758
Evoke: Wand              |       |       |       |     6 ||     6
  Use: Scroll            |       |     7 |     4 |     2 ||    13
       Potion            |       |       |     4 |     2 ||     6
Armor: Scale mail        |    97 |    60 |       |       ||   157
       Chain mail        |       |    47 |    30 |       ||    77
       Plate armour      |       |       |   212 |   140 ||   352
Dodge: Dodged            |    80 |    90 |    74 |    74 ||   318
Block: Buckler           |    32 |    56 |    69 |    50 ||   207

Table legend: (Time is in decaauts)
 A = Elapsed time spent in this place.
 B = Non-inter-level travel time spent in this place.
 C = Inter-level travel time spent in this place.
 D = Time resting spent in this place.
 E = Time spent auto-exploring this place.
 F = Levels seen in this place.
 G = Mean time per level.
                   A        B        C        D        E       F      G
               +--------+--------+--------+--------+--------+-----+--------+
         Total |   9720 |   9459 |    261 |   1752 |   4935 |  11 |  883.6 |
       Dungeon |   9413 |   9165 |    248 |   1648 |   4759 |  10 |  941.3 |
        Temple |    307 |    294 |     13 |    104 |    176 |   1 |  307.0 |
               +--------+--------+--------+--------+--------+-----+--------+

Top non-repeatable levels by time:
     D:6: 1702 daAuts
     D:7: 1320 daAuts
     D:1: 1280 daAuts
     D:9: 1069 daAuts
     D:3: 987 daAuts
     D:5: 967 daAuts
     D:8: 837 daAuts
     D:4: 648 daAuts
     D:2: 560 daAuts
  Temple: 307 daAuts
    D:10: 39 daAuts
